 Dungeon Crawl Stone Soup version 0.30-a0-626-gd6a5dd7a1f (webtiles) character file.

Game seed: 2962256389966743099

76 Leeroy the Slasher (level 4, -4/33 HPs)
             Began as a Merfolk Gladiator on Jan 11, 2023.
             Killed from afar by a white imp (10 damage)
             ... with a puff of frost
             ... summoned by Natasha
             ... on level 2 of the Dungeon.
             The game lasted 00:02:29 (1062 turns).

Leeroy the Slasher (Merfolk Gladiator)              Turns: 1062, Time: 00:02:30

Health: -4/33      AC:  5    Str: 14    XL:     4   Next: 32%
Magic:  4/4        EV: 13    Int:  7    God:
Gold:   51         SH:  0    Dex: 17    Spells: 3/3 levels left

rFire   . . .      SeeInvis .    a - +0 long sword
rCold   . . .      Faith    .    (no shield)
rNeg    . . .      Spirit   .    b - +0 leather armour
rPois   .          Reflect  .    c - +0 helmet
rElec   .          Harm     .    (no cloak)
rCorr   .          Rampage  .    j - +0 pair of gloves
Will    .....                    (no boots)
Stlth   +                        (no amulet)
HPRegen 0.25/turn                (no ring)
MPRegen 0.09/turn                (no ring)

@: slowed, very slow
A: (nimble swimmer 2), mertail
a: no special abilities


You were on level 2 of the Dungeon.
You visited 1 branch of the dungeon, and saw 2 of its levels.

You collected 51 gold pieces.

Inventory:

Hand Weapons
 a - a +0 long sword (weapon)
 k - a +1 dagger of venom
Missiles
 d - 3 throwing nets (quivered)
 e - 6 javelins
Armour
 b - a +0 leather armour (worn)
 c - a +0 helmet (worn)
 j - a +0 pair of gloves (worn)
Scrolls
 f - a scroll of identify {unknown}
 h - 2 scrolls of vulnerability {unknown}
 m - 2 scrolls of immolation {unknown}
Potions
 l - a potion of might {unknown}
 n - a potion of brilliance {unknown}


   Skills:
 - Level 2.1 Fighting
 + Level 6.1 Long Blades
 - Level 2.0 Throwing
 - Level 4.0 Dodging


You had 3 spell levels left.
You didn't know any spells.
Your spell library was empty.

Dungeon Overview and Level Annotations

Branches:
Dungeon (2/15)

Altars:

Annotations:
D:2 Jessica, Natasha


Innate Abilities, Weirdness & Mutations

((You are very nimble when in or above water. (Stealth+, EV+, Speed+++)))
Your lower body shifts to a powerful aquatic tail in water.


Message History

Natasha is lightly wounded.
Natasha closely misses you.
The crimson imp disappears for a moment.
The crimson imp blinks!
You hit Natasha.
Natasha is moderately wounded.
Natasha stares at you and mumbles some strange words.
You resist with some effort.
The crimson imp blinks!
Jessica hits you with a +0 club.
* * * LOW HITPOINT WARNING * * *
Natasha stares at you and mumbles some strange words.
The magic dart hits you!
* * * LOW HITPOINT WARNING * * *
You feel better.
The shadow imp disappears in a puff of smoke!
Jessica hits you with a +0 club.
* * * LOW HITPOINT WARNING * * *
Natasha howls an incantation.
You feel troubled.
Natasha mumbles some strange words.
Jessica barely misses you. Natasha claws you but does no damage.
You miss Natasha.
Natasha is moderately wounded.
Jessica mumbles some strange words.
Jessica blinks!
The white imp shouts, "Decamp, thou currish mumble-news harpy!"
Natasha closely misses you.
The crimson imp blinks!
You feel better.
The white imp hits you but does no damage.
Natasha misses you. Natasha casts a spell at you. The magic dart hits you.
* * * LOW HITPOINT WARNING * * *
The white imp gestures at you. The puff of frost misses you.
You miss Natasha.
Natasha is moderately wounded.
The white imp gestures at you. The puff of frost hits you!
You die...

#.#..........##...###...
#...............#.......
....[..................#
....!.#.#..?..........#.
......#.#...............
........................
......5@5?..........#... .
.....#h##........#.#... #.#.
#### #@5.....###.#.....
#.#.##### ##...#### #.......
........# ##...# #####...
........###....# #...
........#...#..## #...
......†.#.###...#########..#
..........##..........##....
##.####.#.............##....
#.# #..####................


You could see Natasha, 2 crimson imps, a white imp (summoned) and Jessica.

Vanquished Creatures
  Natasha (D:2)
  2 adders (D:2)
  A dart slug (D:1)
  4 ball pythons
  3 endoplasms
  A giant cockroach (D:1)
  2 goblins
  5 hobgoblins
  2 quokkas (D:1)
  3 bats (D:1)
  A frilled lizard (D:1)
  2 kobolds (D:1)
  5 rats (D:1)
32 creatures vanquished.

Notes
Turn   | Place    | Note
-------+----------+-------------------------------------------
     0 | D:1      | Leeroy the Merfolk Gladiator began the quest for the Orb.
     0 | D:1      | Reached XP level 1. HP: 16/16 MP: 1/1
   155 | D:1      | Reached skill level 4 in Long Blades
   215 | D:1      | Reached XP level 2. HP: 22/22 MP: 2/2
   662 | D:1      | Reached XP level 3. HP: 27/27 MP: 3/3
   663 | D:1      | Reached skill level 5 in Long Blades
   938 | D:2      | Noticed Natasha
   950 | D:2      | Killed Natasha
   951 | D:2      | Reached skill level 6 in Long Blades
   951 | D:2      | Reached XP level 4. HP: 19/33 MP: 4/4
  1039 | D:2      | Noticed Natasha
  1040 | D:2      | Noticed Jessica
  1058 | D:2      | HP: 1/33 [Natasha/magic dart (7)]
  1062 | D:2      | Killed from afar by a white imp

Illustrated notes

Levels and vault maps discovered:
D:1:      amcnicky_arrival_feature_with_door, layout_loops_ring, st_stairs_13
D:2:      layout_rooms, serial_park_tiny_pond, item_on_display_a, uniq_natasha,
          uniq_jessica

Skill      XL: |  1  2  3 |
---------------+----------+-----
Long Blades    | 4 6 |  6.1
Fighting       | |  2.1
Throwing       | |  2.0
Dodging        | |  4.0

Action                   |  1- 3 |  4- 6 || total
-------------------------+-------+-------++-------
Melee: Long sword        |    85 |    20 ||   105
       Punch             |     1 |       ||     1
  Use: Potion            |     1 |     4 ||     5
 Stab: Sleeping          |     2 |       ||     2
Armor: Leather armour    |    41 |    11 ||    52
Dodge: Dodged            |    48 |    21 ||    69

Table legend: (Time is in decaauts)
 A = Elapsed time spent in this place.
 B = Non-inter-level travel time spent in this place.
 C = Inter-level travel time spent in this place.
 D = Time resting spent in this place.
 E = Time spent auto-exploring this place.
 F = Levels seen in this place.
 G = Mean time per level.
                   A        B        C        D        E       F      G
               +--------+--------+--------+--------+--------+-----+--------+
         Total |   1086 |   1022 |     64 |      0 |    753 |   2 |  543.0 |
       Dungeon |   1086 |   1022 |     64 |      0 |    753 |   2 |  543.0 |
               +--------+--------+--------+--------+--------+-----+--------+

Top non-repeatable levels by time:
     D:1: 869 daAuts
     D:2: 216 daAuts
